 Dungeon Crawl Stone Soup version 0.29-a0-284-gf9362112df (webtiles) character file.

Game seed: 14299418377809302389

187 spaghetti the Skirmisher (level 5, -2/63 HPs)
             Began as an Ogre Chaos Knight on Mar 20, 2022.
             Was a Follower of Ru.
             Slain by an iguana (9 damage)
             ... on level 3 of the Dungeon.
             The game lasted 00:07:11 (4521 turns).

spaghetti the Skirmisher (Ogre Chaos Knight)        Turns: 4521, Time: 00:07:11

Health: -2/63      AC:  7    Str: 18    XL:     5   Next: 66%
Magic:  0/14       EV:  8    Int: 13    God:    Ru [*.....]
Gold:   107        SH:  5    Dex:  6    Spells: 4/4 levels left

rFire   . . .      SeeInvis .   a - +0 mace (freeze) {mace}
rCold   . . .      Faith    .   h - +0 kite shield
rNeg    . . .      Spirit   +   b - +2 robe
rPois   +          Reflect  .   (helmet restricted)
rElec   .          Harm     .   (no cloak)
rCorr   .          Rampage  .   (gloves unavailable)
Will    .....                   (boots unavailable)
Stlth   +.........              l - amulet of guardian spirit
HPRegen 0.20/turn               f - ring of magical power
MPRegen 0.14/turn               (no ring)

@: no status effects
A: large, unfitting armour, screaming 1, tough skin 1, missing an eye,
iridescent scales 1, clumsy 1, poison resistance
a: Renounce Religion


You were on level 3 of the Dungeon.
You worshipped Ru.
Ru was aware of your devotion.
You visited 1 branch of the dungeon, and saw 4 of its levels.

You collected 107 gold pieces.


Innate Abilities, Weirdness & Mutations

You are too large for most types of armour.
You occasionally shout uncontrollably at your foes.
You have tough skin. (AC +1)
You are missing an eye, making it more difficult to aim.
You are partially covered in iridescent scales. (AC +2)
You are clumsy. (Dex -2)
Your system is resistant to poisons. (rPois)


   Skills:
 + Level 7.7 Fighting
 - Level 2.6 Maces & Flails
 - Level 2.1 Dodging
 + Level 1.3 Shields


You had 4 spell levels left.
You didn't know any spells.
Your spell library contained the following spells:

 Spells                   Type           Power      Damage    Failure   Level
 Stone Arrow              Conj/Erth      0%         3d7       93%         3
 Animate Armour           Summ/Erth      0%         N/A       100%        4
 Lehudib's Crystal Spear  Conj/Erth      0%         10d2      100%        8

Inventory:

Hand Weapons
 a - a +0 mace of freezing (weapon) {mace}
 k - a +3 dagger {short}
   (You took it off a goblin on level 1 of the Dungeon)
 n - a +0 short sword of flaming {short}
   (You found it on level 3 of the Dungeon)
Missiles
 d - 17 poisoned darts {throwing}
 i - 95 stones {throwing}
Armour
 b - a +2 robe (worn)
 h - a +0 kite shield (worn)
   (You found it on level 3 of the Dungeon)
Magical Staves
 j - a staff of death {!astaff}
   (You found it on level 1 of the Dungeon)
Jewellery
 f - a ring of magical power (left hand)
   (You found it on level 1 of the Dungeon)
 l - an amulet of guardian spirit (around neck)
   (You found it on level 2 of the Dungeon)
Scrolls
 e - a scroll of silence {!r}
 m - 2 scrolls of identify {@r1}
Miscellaneous
 c - a piece from Xom's chessboard (9/15) (quivered)

Dungeon Overview and Level Annotations

Branches:
Dungeon (4/15)
 Temple: D:4-7

Altars:
Ru

#......###.###.# #.#
#.......##.....######### #.#
#.....................[# #.#
#.).....######.#######.# #.#
#..............## #.# #.#
#.#.............# #.## #.###
#.##.#..........# #..# #....
#<##.#..........#######.# #####
#.##..........l@<.......########
#.##.##.........######..........
#.##.##.....>...# #..########
#.##.###.###.#..# #..#
#.##.###.###.#..######..#
#......>............##..#
####............##......#
#####.............รท..#
###########..###.#


You could see an iguana.


Message History

You open the door.
Found a stone staircase leading up.
There is an open door here. ๐Ÿ˜Ž HP[+17] MP[+3]
Your hp is fully restored (63).
Your mp is fully restored (14).
As you open the door, it creaks loudly!
There is an open door here.
An iguana comes into view.
The iguana hisses angrily.
An iguana is nearby!
The iguana bites you. ๐Ÿ˜• HP[-2]
You take 2 damage, and now have 61/63 hp.
You hit the iguana.
The iguana seems to slow down.
You freeze the iguana.
The iguana bites you but does no damage.
You barely miss the iguana.
The iguana bites you! ๐Ÿ˜• HP[-8] MP[-2]
You take 8 damage, and now have 53/63 hp.
You lost 2 mp, and now have 12/14 mp.
You barely miss the iguana. The iguana bites you. ๐Ÿ˜• HP[-2]
You take 2 damage, and now have 51/63 hp.
You hit the iguana.
The iguana seems to slow down.
You freeze the iguana.
The iguana bites you but does no damage.
You hit the iguana but do no damage.
The iguana bites you. ๐Ÿ˜• HP[-2] MP[-1]
You take 2 damage, and now have 49/63 hp.
You lost 1 mp, and now have 11/14 mp.
You closely miss the iguana. You closely miss the iguana.
The iguana is no longer moving slowly.
The iguana bites you. ๐Ÿ˜• HP[-1]
You take 1 damage, and now have 48/63 hp.
You closely miss the iguana. You block the iguana's attack.
The iguana bites you. ๐Ÿ˜ฎ HP[-5] MP[-1]
You take 5 damage, and now have 43/63 hp.
You lost 1 mp, and now have 10/14 mp.
You hit the iguana but do no damage.
The iguana bites you! ๐Ÿ˜ฎ HP[-8] MP[-2]
You take 8 damage, and now have 35/63 hp.
You lost 2 mp, and now have 8/14 mp.
You hit the iguana but do no damage. The iguana bites you.
The iguana bites you!
* * * LOW HITPOINT WARNING * * *
๐Ÿ˜จ HP[-7] MP[-2]
You take 7 damage, and now have 28/63 hp.
You lost 2 mp, and now have 6/14 mp.
You barely miss the iguana. The iguana bites you!
* * * LOW HITPOINT WARNING * * *
๐Ÿ˜จ HP[-9] MP[-2]
You take 9 damage, and now have 19/63 hp.
You lost 2 mp, and now have 4/14 mp.
You barely miss the iguana. The iguana bites you!
* * * LOW HITPOINT WARNING * * *
The iguana bites you.
* * * LOW HITPOINT WARNING * * *
๐Ÿ˜ฑ HP[-10] MP[-1]
You take 10 damage, and now have 9/63 hp.
You lost 1 mp, and now have 3/14 mp.
Okay, then.
You aren't carrying any potions. ๐Ÿ˜ฑ HP[+1] ๐Ÿ˜ฑ HP[+1] MP[+1]
The iguana attacks as you move away! The iguana bites you.
* * * LOW HITPOINT WARNING * * *
๐Ÿ˜ฑ HP[-4] MP[-1]
You take 4 damage, and now have 7/63 hp.
You lost 1 mp, and now have 3/14 mp. ๐Ÿ˜ฑ HP[+1]
The iguana attacks as you move away! The iguana bites you.
* * * LOW HITPOINT WARNING * * *
๐Ÿ˜ฑ HP[-1]
You take 1 damage, and now have 7/63 hp. ๐Ÿ˜ฑ MP[+1]
The iguana attacks as you move away! You block the iguana's attack.
The iguana attacks as you move away!
You block the iguana's attack. ๐Ÿ˜ฑ HP[+1]
There is a stone staircase leading up here.
Okay, then.
You aren't carrying any potions.
Okay, then.
You block the iguana's attack.
You climb upwards.
There is a stone staircase leading down here. ๐Ÿ˜ฑ HP[+1] MP[+1] Unknown command.
The iguana attacks as you move away!
The iguana barely misses you. ๐Ÿ˜ฑ HP[+1]
The iguana attacks as you move away! The iguana bites you!
* * * LOW HITPOINT WARNING * * *
๐Ÿ˜ฑ HP[-4] MP[-2]
You take 4 damage, and now have 6/63 hp.
You lost 2 mp, and now have 3/14 mp.
The iguana attacks as you move away!
The iguana bites you but does no damage.
The iguana attacks as you move away!
You block the iguana's attack. ๐Ÿ˜ฑ HP[+1]
The iguana attacks as you move away! The iguana bites you!
You die...

Skill      XL: |  1  2  3  4  5 |
---------------+----------------+-----
Fighting       | 5 6 7 |  7.7
Shields        | 1 |  1.3
Maces & Flails | |  2.6
Dodging        | |  2.1

Action                   |  1- 3 |  4- 6 || total
-------------------------+-------+-------++-------
Melee: Mace              |    80 |   102 ||   182
       Dagger            |    83 |   137 ||   220
       Punch             |       |     2 ||     2
Invok: Sacrifice an Eye  |     1 |       ||     1
       Sacrifice Purity  |       |     1 ||     1
Evoke: Piece from Xom's  |     7 |     5 ||    12
  Use: Scroll            |     2 |     5 ||     7
       Potion            |     2 |     1 ||     3
 Stab: Sleeping          |     1 |       ||     1
       Petrified         |     3 |       ||     3
Armor: Robe              |   126 |   135 ||   261
Dodge: Dodged            |   114 |   123 ||   237
Block: Kite shield       |       |    33 ||    33

Levels and vault maps discovered:
D:1:      ebering_trefoil_twist, layout_basic, basic_ecumenical_altar,
          minmay_quantized
D:2:      layout_rooms, dreamdust_princess_bridge
D:3:      layout_loops_ring, uniq_terence
D:4:      layout_gridville, elyvilon_altar_5

Notes
Turn   | Place    | Note
-------+----------+-------------------------------------------
     0 | D:1      | spaghetti the Ogre Chaos Knight began the quest for the
                  | Orb.
     0 | D:1      | Reached XP level 1. HP: 24/24 MP: 1/1
     0 | D:1      | magus.rc [v1.9.6]
     8 | D:1      | XOM: silly message
    45 | D:1      | Found a faded altar of an unknown god.
    57 | D:1      | Prayed at the altar of an unknown god.
    57 | D:1      | Fell from the grace of Xom
    57 | D:1      | Became a worshipper of Ru the Awakened
    84 | D:1      | Gained mutation: You are missing an eye, making it more
                  | difficult to aim. [Ru sacrifice]
    84 | D:1      | Reached * piety under Ru
   125 | D:1      | Reached XP level 2. HP: 33/33 MP: 2/2
   154 | D:1      | Reached skill level 5 in Fighting
   463 | D:1      | You pick up a book of Armaments and begin reading...
   463 | D:1      | You add the spells Stone Arrow, Animate Armour and
                  | Lehudib's Crystal Spear to your library.
   772 | D:1      | Reached XP level 3. HP: 42/42 MP: 3/3
   865 | D:1      | XOM: give mutation
   865 | D:1      | Gained mutation: You are clumsy. (Dex -2) [Xom's mischief]
   930 | D:1      | XOM: summons 14 hostile demons
   931 | D:1      | Noticed a soul eater
   932 | D:1      | HP: 9/44 [shadow imp/nerve-wracking pain[Xom] (13)]
   934 | D:1      | HP: 4/44 [ufetubus[Xom] (1)]
   940 | D:1      | HP: 11/44 [soul eater/drain life[Xom] (16)]
   945 | D:1      | HP: 9/44 [quasit[Xom] (1)]
   949 | D:1      | HP: 4/44 [soul eater/drain life[Xom] (6)]
   964 | D:2      | HP: 4/44 [ball python (2)]
   969 | D:2      | HP: 2/44 [giant cockroach (1)]
   983 | D:2      | XOM: give mutations
   983 | D:2      | Gained mutation: You are partially covered in iridescent
                  | scales. (AC +2) [Xom's grace]
   983 | D:2      | Gained mutation: Your system is resistant to poisons.
                  | (rPois) [Xom's grace]
  1560 | D:2      | XOM: 5-stop teleportation journey
  1567 | D:2      | Reached skill level 6 in Fighting
  1794 | D:2      | Reached XP level 4. HP: 51/53 MP: 4/4
  2386 | D:3      | Noticed Terence
  2424 | D:3      | HP: 13/53 [Terence/+0 trident (2)]
  2429 | D:3      | HP: 7/53 [frozen (2)]
  2753 | D:3      | Killed Terence
  2754 | D:3      | Reached skill level 7 in Fighting
  2822 | D:3      | XOM: 6-stop teleportation journey
  2988 | D:3      | Reached XP level 5. HP: 62/62 MP: 5/5
  3514 | D:3      | HP: 13/62 [iguana (4)]
  3844 | D:4      | Reached skill level 1 in Shields
  3997 | D:4      | Gained mutation: You occasionally shout uncontrollably at
                  | your foes. [Ru sacrifice]
  4009 | D:4      | HP: 11/63 [gnoll/+2 vampiric spear (5)]
  4011 | D:4      | HP: 1/63 [gnoll/+0 spear (6)]
  4488 | D:4      | HP: 11/63 [iguana (8)]
  4499 | D:4      | HP: 7/63 [iguana (4)]
  4516 | D:3      | HP: 6/63 [iguana (4)]
  4521 | D:3      | Slain by an iguana

Vanquished Creatures
  Terence (D:3)
  An orc wizard (D:4)
  An iguana (D:3)
  3 adders
  A white imp (D:3)
  A worm (D:4)
  3 dart slugs
  2 orcs (D:4)
  7 ball pythons
  6 endoplasms
  7 giant cockroaches
  4 goblins (D:1)
  6 hobgoblins
  4 quokkas
  5 bats
  3 frilled lizards
  8 kobolds
  7 rats
70 creatures vanquished.

Table legend:
 A = Non-vault XP
 B = Vault XP
 C = Vault XP percentage of total XP
 D = Non-vault monster count
 E = Vault monster count
 F = Vault count percentage of total count
                 A         B        C        D         E       F
            +---------+---------+-------+---------+---------+-------
      Total |     221 |      47 |  17.5 |      63 |       7 |  10.0
            +---------+---------+-------+---------+---------+-------
        D:1 |      39 |      11 |  22.0 |      22 |       6 |  21.4
        D:2 |      45 |       0 |   0.0 |      14 |       0 |   0.0
        D:3 |      78 |      36 |  31.6 |      16 |       1 |   5.9
        D:4 |      59 |       0 |   0.0 |      11 |       0 |   0.0
            +---------+---------+-------+---------+---------+-------

Illustrated notes

Table legend:
 A = Kills in this place as a percentage of kills in entire the game.
 B = Kills by you in this place as a percentage of kills by you in the entire game.
 C = Kills by friends in this place as a percentage of kills by friends in the entire game.
 D = Other kills in this place as a percentage of other kills in the entire game.
 E = Experience gained in this place as a percentage of experience gained in the entire game.
 F = Experience gained in this place divided by the number of levels of this place that you have seen.
                   A       B       C       D       E      F
               +-------+-------+-------+-------+-------+----------------------
         Total | 100.0 | 100.0 |   N/A |   N/A | 100.0 |  67.0
       Dungeon | 100.0 | 100.0 |   N/A |   N/A | 100.0 |  67.0
               +-------+-------+-------+-------+-------+----------------------

Table legend: (Time is in decaauts)
 A = Elapsed time spent in this place.
 B = Non-inter-level travel time spent in this place.
 C = Inter-level travel time spent in this place.
 D = Time resting spent in this place.
 E = Time spent auto-exploring this place.
 F = Levels seen in this place.
 G = Mean time per level.
                   A        B        C        D        E       F      G
               +--------+--------+--------+--------+--------+-----+--------+
         Total |   4586 |   4467 |    119 |   1256 |   2355 |   4 | 1146.5 |
       Dungeon |   4586 |   4467 |    119 |   1256 |   2355 |   4 | 1146.5 |
               +--------+--------+--------+--------+--------+-----+--------+

Top non-repeatable levels by time:
     D:3: 1929 daAuts
     D:1: 1255 daAuts
     D:2: 917 daAuts
     D:4: 484 daAuts
